TOP OF THE 1ST |
Virunga S A Oaks batting - Pitching for Istanbul S A Kodiaks : LHP Agdun Machupa
|
Pitching: LHP Agdun Machupa
|
|
Batting: RHB Michel Rousset
|
0-0: Bunted foul 0-1: Ball 1-1: Ball 2-1: SINGLE (Line Drive, 6D, EV 95.6 MPH)
|
Batting: RHB Cahya Kathirithamby
|
0-0: Called Strike Michel Rousset is caught stealing 2nd base 2-4 0-1: Ball 1-1: Ball 2-1: Ball 3-1: Called Strike 3-2: Foul Ball, location: 2F 3-2: Foul Ball, location: 9LDF 3-2: Base on Balls
|
Batting: LHB Joon-yeong Yang
|
0-0: Ball 1-0: Ball 2-0: Ball 3-0: Base on Balls Cahya Kathirithamby to second
|
Batting: RHB Kulapati Ujwal
|
0-0: Ball 1-0: Foul Ball, location: 9LSF 1-1: Foul Ball, location: 2F 1-2: Fly out, F3 (Line Drive, 3L, EV 70.0 MPH)
|
Batting: LHB Luis Delgado
|
0-0: Ball 1-0: Ball 2-0: Ball 3-0: Base on Balls Cahya Kathirithamby to third Joon-yeong Yang to second
|
Batting: RHB Manny de la Rosa
|
0-0: Foul Ball, location: 5FF 0-1: Called Strike 0-2: Strikes out swinging
|
Top of the 1st over - 0 runs, 1 hit, 0 errors, 3 left on base; Virunga S A 0 - Istanbul S A 0 |
BOTTOM OF THE 1ST |
Istanbul S A Kodiaks batting - Pitching for Virunga S A Oaks : LHP Fedor Eminov
|
Pitching: LHP Fedor Eminov
|
|
Batting: LHB Giacomino Dotto
|
0-0: Swinging Strike 0-1: Foul Ball, location: 2F 0-2: Strikes out swinging
|
Batting: LHB Husayn bin Na'il
|
0-0: Called Strike 0-1: Swinging Strike 0-2: Strikes out swinging
|
Batting: RHB Foul Kianyandaarwa
|
0-0: Called Strike 0-1: Foul Ball, location: 2F 0-2: Ball 1-2: Foul Ball, location: 2F 1-2: Foul Ball, location: 9LMF 1-2: DOUBLE (Line Drive, 89M, EV 106.3 MPH)
|
Batting: LHB Henri Bernard
|
0-0: DOUBLE (Line Drive, 89D, EV 101.3 MPH) Foul Kianyandaarwa scores
|
Batting: RHB See-tong Yuen
|
0-0: Ball 1-0: Foul Ball, location: 5F 1-1: Foul Ball, location: 2RF 1-2: Ball 2-2: DOUBLE (Line Drive, 78D, EV 111.3 MPH) Henri Bernard scores
|
Batting: RHB Uryaghel Abiade
|
0-0: Ball 1-0: Foul Ball, location: 2F 1-1: Ball 2-1: SINGLE (Flyball, 34D, EV 91.3 MPH) See-tong Yuen to third Runner from 3rd tries for Home, SAFE, throw by RF to home
|
Batting: LHB Aimé Marie
|
0-0: Ball 1-0: Foul Ball, location: 25FF 1-1: Called Strike 1-2: Ball 2-2: Strikes out swinging
|
Bottom of the 1st over - 3 runs, 4 hits, 0 errors, 1 left on base; Virunga S A 0 - Istanbul S A 3 |
TOP OF THE 2ND |
Virunga S A Oaks batting - Pitching for Istanbul S A Kodiaks : LHP Agdun Machupa
|
Batting: LHB Carlos Aguayo
|
0-0: Foul Ball, location: 2F 0-1: SINGLE (Groundball, 34D, EV 97.5 MPH)
|
Batting: SHB Nabi Ulmalhamah bin Muhanned
|
0-0: Called Strike 0-1: Fly out, F3 (Popup, 23F, EV 95.6 MPH)
|
Batting: RHB Chi Minh Nguyen-Tan
|
0-0: Ball 1-0: SINGLE (Line Drive, 56, EV 105.0 MPH) Carlos Aguayo to second
|
Batting: RHB Michel Rousset
|
0-0: Swinging Strike 0-1: Ball 1-1: Ball 2-1: Swinging Strike 2-2: Foul Ball, location: 2F 2-2: Ball 3-2: Foul Ball, location: 3FF 3-2: Base on Balls Carlos Aguayo to third Chi Minh Nguyen-Tan to second
|
Batting: RHB Cahya Kathirithamby
|
0-0: Ball 1-0: Ball 2-0: Ball 3-0: Base on Balls Carlos Aguayo scores Chi Minh Nguyen-Tan to third Michel Rousset to second
|
Batting: LHB Joon-yeong Yang
|
0-0: Ball 1-0: Called Strike 1-1: Foul Ball, location: 7LDF 1-2: Ball 2-2: Foul Ball, location: 5DF 2-2: Ball 3-2: Fly out, F7 (Flyball, 78S, EV 85.6 MPH)
|
Batting: RHB Kulapati Ujwal
|
0-0: DOUBLE (Flyball, 8RXD, EV 105.6 MPH) Chi Minh Nguyen-Tan scores Michel Rousset scores Cahya Kathirithamby to third Runner from 3rd tries for Home, SAFE, throw by CF to trailing runner, SAFE at third!
|
Batting: LHB Luis Delgado
|
0-0: Ball 1-0: Ground out 6-3 (Groundball, 6, EV 96.3 MPH)
|
Top of the 2nd over - 4 runs, 3 hits, 0 errors, 1 left on base; Virunga S A 4 - Istanbul S A 3 |
BOTTOM OF THE 2ND |
Istanbul S A Kodiaks batting - Pitching for Virunga S A Oaks : LHP Fedor Eminov
|
Batting: RHB Maxmilian Dyba
|
0-0: Fly out, F8 (Line Drive, 8LD, EV 90.6 MPH)
|
Batting: RHB Madidou Onkwani
|
0-0: Fly out, F9 (Flyball, 89M, EV 95.0 MPH)
|
Batting: LHB Giacomino Dotto
|
0-0: Called Strike 0-1: Foul Ball, location: 5FF 0-2: SINGLE (Groundball, 6MS, EV 85.0 MPH) (infield hit)
|
Batting: LHB Husayn bin Na'il
|
0-0: Ball 1-0: Foul Ball, location: 2F 1-1: Ground out 4-3 (Groundball, 4, EV 101.3 MPH)
|
Bottom of the 2nd over - 0 runs, 1 hit, 0 errors, 1 left on base; Virunga S A 4 - Istanbul S A 3 |
TOP OF THE 3RD |
Virunga S A Oaks batting - Pitching for Istanbul S A Kodiaks : LHP Agdun Machupa
|
Batting: RHB Manny de la Rosa
|
0-0: Called Strike 0-1: Foul Ball, location: 2F 0-2: Ball 1-2: Foul Ball, location: 5SF 1-2: Strikes out swinging
|
Batting: LHB Carlos Aguayo
|
0-0: Ground out 5-3 (Groundball, 25, EV 68.8 MPH)
|
Batting: SHB Nabi Ulmalhamah bin Muhanned
|
0-0: Ball 1-0: Foul Ball, location: 2RF 1-1: SINGLE (Line Drive, 6M, EV 99.4 MPH)
|
Batting: RHB Chi Minh Nguyen-Tan
|
0-0: Foul Ball, location: 2F 0-1: Swinging Strike 0-2: Ball 1-2: Ball 2-2: Ball 3-2: Foul Ball, location: 2F 3-2: Foul Ball, location: 9LMF 3-2: Strikes out swinging, 2-3 out at first.
|
Top of the 3rd over - 0 runs, 1 hit, 0 errors, 1 left on base; Virunga S A 4 - Istanbul S A 3 |
BOTTOM OF THE 3RD |
Istanbul S A Kodiaks batting - Pitching for Virunga S A Oaks : LHP Fedor Eminov
|
Batting: RHB Foul Kianyandaarwa
|
0-0: Called Strike 0-1: Ground out 4-3 (Groundball, 4, EV 83.1 MPH)
|
Batting: LHB Henri Bernard
|
0-0: Ball 1-0: Ball 2-0: Ball 3-0: Base on Balls
|
Batting: RHB See-tong Yuen
|
0-0: Called Strike 0-1: Ball 1-1: Foul Ball, location: 2F 1-2: Foul Ball, location: 9LSF 1-2: Ball 2-2: Fielders Choice at 2nd, 4-6 (Groundball, 4, EV 104.4 MPH)
|
Batting: RHB Uryaghel Abiade
|
0-0: Fly out, F7 (Flyball, 78S, EV 84.4 MPH)
|
Bottom of the 3rd over - 0 runs, 0 hits, 0 errors, 1 left on base; Virunga S A 4 - Istanbul S A 3 |
TOP OF THE 4TH |
Virunga S A Oaks batting - Pitching for Istanbul S A Kodiaks : LHP Agdun Machupa
|
Batting: RHB Michel Rousset
|
0-0: Called Strike 0-1: Foul Ball, location: 9LDF 0-2: Fly out, F5 (Popup, 5S, EV 82.5 MPH)
|
Batting: RHB Cahya Kathirithamby
|
0-0: Called Strike 0-1: Ball 1-1: Foul Ball, location: 3F 1-2: Ground out 4-3 (Groundball, 4MD, EV 101.3 MPH)
|
Batting: LHB Joon-yeong Yang
|
0-0: Ball 1-0: Ball 2-0: Swinging Strike 2-1: Ball 3-1: Base on Balls
|
Pitching: LHP Ted Fowler
|
|
Batting: RHB Kulapati Ujwal
|
0-0: Ball 1-0: Swinging Strike 1-1: Foul Ball, location: 2F 1-2: Ball 2-2: Strikes out swinging
|
Top of the 4th over - 0 runs, 0 hits, 0 errors, 1 left on base; Virunga S A 4 - Istanbul S A 3 |
BOTTOM OF THE 4TH |
Istanbul S A Kodiaks batting - Pitching for Virunga S A Oaks : LHP Fedor Eminov
|
Batting: LHB Aimé Marie
|
0-0: Ball 1-0: Swinging Strike 1-1: Foul Ball, location: 2F 1-2: Ball 2-2: Strikes out swinging
|
Batting: RHB Maxmilian Dyba
|
0-0: Ground out 6-3 (Groundball, 6M, EV 103.1 MPH)
|
Batting: RHB Madidou Onkwani
|
0-0: Ball 1-0: Ball 2-0: Fly out, F8 (Line Drive, 8RD, EV 86.3 MPH)
|
Bottom of the 4th over - 0 runs, 0 hits, 0 errors, 0 left on base; Virunga S A 4 - Istanbul S A 3 |
TOP OF THE 5TH |
Virunga S A Oaks batting - Pitching for Istanbul S A Kodiaks : LHP Ted Fowler
|
Batting: LHB Luis Delgado
|
0-0: Foul Ball, location: 5FF 0-1: Fly out, F5 (Popup, 5SF, EV 68.8 MPH)
|
Batting: RHB Manny de la Rosa
|
0-0: Ball 1-0: Ball 2-0: Foul Ball, location: 25FF 2-1: Foul Ball, location: 7LDF 2-2: Foul Ball, location: 25FF 2-2: Ball 3-2: Ground out 6-3 (Groundball, 6S, EV 90.0 MPH)
|
Batting: LHB Carlos Aguayo
|
0-0: Ball 1-0: Ball 2-0: Fly out, F5 (Line Drive, 56, EV 104.4 MPH)
|
Top of the 5th over - 0 runs, 0 hits, 0 errors, 0 left on base; Virunga S A 4 - Istanbul S A 3 |
BOTTOM OF THE 5TH |
Istanbul S A Kodiaks batting - Pitching for Virunga S A Oaks : LHP Fedor Eminov
|
Batting: LHB Giacomino Dotto
|
0-0: Ball 1-0: Foul Ball, location: 2F 1-1: Ground out U3 (Groundball, 3L, EV 98.8 MPH)
|
Batting: LHB Husayn bin Na'il
|
0-0: Called Strike 0-1: Foul Ball, location: 2F 0-2: Ball 1-2: Strikes out swinging
|
Batting: RHB Foul Kianyandaarwa
|
0-0: Ball 1-0: Ground out U3 (Groundball, 3S, EV 88.1 MPH)
|
Bottom of the 5th over - 0 runs, 0 hits, 0 errors, 0 left on base; Virunga S A 4 - Istanbul S A 3 |
TOP OF THE 6TH |
Virunga S A Oaks batting - Pitching for Istanbul S A Kodiaks : LHP Ted Fowler
|
Batting: SHB Nabi Ulmalhamah bin Muhanned
|
0-0: Ball 1-0: SINGLE (Line Drive, 9LS, EV 98.1 MPH)
|
Batting: RHB Chi Minh Nguyen-Tan
|
0-0: Bunted foul 0-1: Sac Bunt to 25 - play at first, batter OUT! 5-3 Nabi Ulmalhamah bin Muhanned to second
|
Batting: RHB Michel Rousset
|
0-0: Foul Ball, location: 3SF 0-1: Ball 1-1: Ball 2-1: Swinging Strike 2-2: Foul Ball, location: 2F 2-2: Strikes out looking
|
Batting: RHB Cahya Kathirithamby
|
0-0: Called Strike 0-1: Swinging Strike 0-2: Ground out 4-3 (Groundball, 4, EV 86.3 MPH)
|
Top of the 6th over - 0 runs, 1 hit, 0 errors, 1 left on base; Virunga S A 4 - Istanbul S A 3 |
BOTTOM OF THE 6TH |
Istanbul S A Kodiaks batting - Pitching for Virunga S A Oaks : LHP Fedor Eminov
|
Batting: LHB Henri Bernard
|
0-0: DOUBLE (Line Drive, 7LS, EV 107.5 MPH)
|
Batting: RHB See-tong Yuen
|
0-0: Called Strike 0-1: Ball 1-1: SINGLE (Line Drive, 8LS, EV 99.4 MPH) Henri Bernard to third
|
Batting: RHB Uryaghel Abiade
|
0-0: Fly out, F7 (Flyball, 78S, EV 94.4 MPH)
|
Batting: LHB Aimé Marie
|
0-0: Ground out 4-3 (Groundball, 34D, EV 99.4 MPH) Henri Bernard scores See-tong Yuen to second
|
Batting: RHB Maxmilian Dyba
|
0-0: Swinging Strike 0-1: Ball 1-1: Swinging Strike 1-2: Ball 2-2: Foul Ball, location: 2F 2-2: Ball 3-2: Strikes out swinging
|
Bottom of the 6th over - 1 run, 2 hits, 0 errors, 1 left on base; Virunga S A 4 - Istanbul S A 4 |
TOP OF THE 7TH |
Virunga S A Oaks batting - Pitching for Istanbul S A Kodiaks : LHP Ted Fowler
|
Batting: LHB Joon-yeong Yang
|
0-0: Ball 1-0: Called Strike 1-1: SINGLE (Groundball, 4MD, EV 98.1 MPH)
|
Batting: RHB Kulapati Ujwal
|
0-0: Foul Ball, location: 2F 0-1: Foul Ball, location: 9LMF 0-2: Foul Ball, location: 2F 0-2: SINGLE (Line Drive, 9S, EV 109.4 MPH) Joon-yeong Yang to second
|
Batting: RHB Keokia Derain
|
0-0: Swinging Strike 0-1: Sac Bunt to 15 - play at first, batter OUT! 1-3 Joon-yeong Yang to third Kulapati Ujwal to second
|
Pitching: RHP Dula Kontar
|
|
Pinch Hitting: LHB Sjoerd van Meel
|
0-0: SINGLE (Groundball, 6M, EV 105.6 MPH) Joon-yeong Yang scores Kulapati Ujwal to third Runner from 3rd tries for Home, SAFE, throw by CF to home Sjoerd van Meel to second
|
Batting: LHB Carlos Aguayo
|
0-0: SINGLE (Groundball, 4MD, EV 94.4 MPH) Sjoerd van Meel to third Runner from 3rd tries for Home, SAFE, throw by CF to home
|
Batting: SHB Nabi Ulmalhamah bin Muhanned
|
0-0: Swinging Strike 0-1: Foul Ball, location: 5F 0-2: Strikes out looking
|
Batting: RHB Chi Minh Nguyen-Tan
|
0-0: Called Strike 0-1: Ball 1-1: Fly out, F7 (Flyball, 7LD, EV 105.0 MPH)
|
Top of the 7th over - 3 runs, 4 hits, 0 errors, 1 left on base; Virunga S A 7 - Istanbul S A 4 |
BOTTOM OF THE 7TH |
Istanbul S A Kodiaks batting - Pitching for Virunga S A Oaks : LHP Fedor Eminov
|
Now at 3B: Warren Nesselman
|
|
Batting: RHB Madidou Onkwani
|
0-0: Called Strike 0-1: Ball 1-1: Foul Ball, location: 2F 1-2: Ball 2-2: Strikes out swinging
|
Pitching: RHP Orren Smith
|
|
Batting: LHB Giacomino Dotto
|
0-0: Called Strike 0-1: SINGLE (Line Drive, 7S, EV 108.1 MPH)
|
Batting: LHB Husayn bin Na'il
|
0-0: Ball 1-0: Foul Ball, location: 5SF 1-1: Called Strike Giacomino Dotto is caught stealing 2nd base 2-6 1-2: Foul Ball, location: 2F 1-2: Ground out U3 (Groundball, 34, EV 85.6 MPH)
|
Bottom of the 7th over - 0 runs, 1 hit, 0 errors, 0 left on base; Virunga S A 7 - Istanbul S A 4 |
TOP OF THE 8TH |
Virunga S A Oaks batting - Pitching for Istanbul S A Kodiaks : RHP Dula Kontar
|
Batting: RHB Michel Rousset
|
0-0: Ball 1-0: Foul Ball, location: 2F 1-1: Ball 2-1: Ground out 3-1 (Groundball, 34, EV 96.9 MPH)
|
Batting: RHB Cahya Kathirithamby
|
0-0: SINGLE (Line Drive, 8LS, EV 111.3 MPH)
|
Batting: LHB Joon-yeong Yang
|
0-0: Called Strike Cahya Kathirithamby steals 2nd base 0-1: Called Strike 0-2: Ball 1-2: Ball 2-2: Fly out, F6 (Line Drive, 6M, EV 72.5 MPH)
|
Batting: RHB Kulapati Ujwal
|
0-0: Ball 1-0: SINGLE (Line Drive, 34D, EV 94.4 MPH) Cahya Kathirithamby to third Runner from 3rd tries for Home, SAFE, throw by RF to home
|
Batting: RHB Keokia Derain
|
0-0: SINGLE (Groundball, 6MS, EV 85.6 MPH) (infield hit) Kulapati Ujwal to second
|
Batting: RHB Warren Nesselman
|
0-0: Swinging Strike 0-1: SINGLE (Line Drive, 34, EV 100.6 MPH) Kulapati Ujwal to third Keokia Derain to second
|
Batting: LHB Carlos Aguayo
|
0-0: Called Strike 0-1: Foul Ball, location: 2F 0-2: SINGLE (Groundball, 6MD, EV 101.3 MPH) Kulapati Ujwal scores Keokia Derain to third Warren Nesselman to second Runner from 3rd tries for Home, SAFE, throw by CF to home
|
Pitching: LHP Cipta Pamungkas
|
|
Batting: SHB Nabi Ulmalhamah bin Muhanned
|
0-0: Called Strike 0-1: Ground out 4-3 (Groundball, 4, EV 88.1 MPH)
|
Top of the 8th over - 3 runs, 5 hits, 0 errors, 2 left on base; Virunga S A 10 - Istanbul S A 4 |
BOTTOM OF THE 8TH |
Istanbul S A Kodiaks batting - Pitching for Virunga S A Oaks : RHP Orren Smith
|
Batting: RHB Foul Kianyandaarwa
|
0-0: Foul Ball, location: 2F 0-1: Ball 1-1: Ball 2-1: Called Strike 2-2: Strikes out swinging
|
Batting: LHB Henri Bernard
|
0-0: Ball 1-0: Fly out, F9 (Flyball, 9D, EV 83.1 MPH)
|
Batting: RHB See-tong Yuen
|
0-0: Ball 1-0: Called Strike 1-1: Ball 2-1: Ball 3-1: Called Strike 3-2: SINGLE (Line Drive, 6MD, EV 98.8 MPH)
|
Batting: RHB Uryaghel Abiade
|
0-0: Called Strike 0-1: Ball 1-1: Fielders Choice at 2nd, 6-4 (Groundball, 6, EV 84.4 MPH)
|
Bottom of the 8th over - 0 runs, 1 hit, 0 errors, 1 left on base; Virunga S A 10 - Istanbul S A 4 |
TOP OF THE 9TH |
Virunga S A Oaks batting - Pitching for Istanbul S A Kodiaks : LHP Cipta Pamungkas
|
Pinch Hitting: RHB Esa Pasanen
|
0-0: Called Strike 0-1: Ground out 6-3 (Groundball, 56D, EV 103.8 MPH)
|
Batting: RHB Michel Rousset
|
0-0: Called Strike 0-1: Ball 1-1: Ball 2-1: SINGLE (Groundball, 56, EV 107.5 MPH)
|
Batting: RHB Cahya Kathirithamby
|
0-0: Ball 1-0: Ball 2-0: SINGLE (Line Drive, 7S, EV 110.6 MPH) Michel Rousset to second
|
Batting: LHB Joon-yeong Yang
|
0-0: Ball 1-0: Called Strike 1-1: Ball 2-1: Swinging Strike 2-2: Ball 3-2: Base on Balls Michel Rousset to third Cahya Kathirithamby to second
|
Batting: RHB Kulapati Ujwal
|
0-0: Ball 1-0: Ball 2-0: Called Strike 2-1: Foul Ball, location: 2F 2-2: Foul Ball, location: 7LMF 2-2: Ball 3-2: Foul Ball, location: 2F 3-2: Base on Balls Michel Rousset scores Cahya Kathirithamby to third Joon-yeong Yang to second
|
Batting: RHB Keokia Derain
|
0-0: Ball 1-0: Grounds into fielders choice 5-2 (Groundball, 56, EV 110.6 MPH) Joon-yeong Yang to third Kulapati Ujwal to second
|
Pinch Hitting: RHB Ulani Kamala
|
0-0: Ball 1-0: Ball 2-0: Ball 3-0: Called Strike 3-1: Foul Ball, location: 5F 3-2: Base on Balls Joon-yeong Yang scores Kulapati Ujwal to third Keokia Derain to second
|
Batting: LHB Carlos Aguayo
|
0-0: Ball 1-0: Foul Ball, location: 23F 1-1: Ball 2-1: Swinging Strike 2-2: Ground out 2-3 (Groundball, 15S, EV 69.4 MPH)
|
Top of the 9th over - 2 runs, 2 hits, 0 errors, 3 left on base; Virunga S A 12 - Istanbul S A 4 |
BOTTOM OF THE 9TH |
Istanbul S A Kodiaks batting - Pitching for Virunga S A Oaks : RHP Orren Smith
|
Pitching: RHP Panut Kartosuwiryo
|
|
Now at 1B: Awwab bin Thaqib
|
|
Now at 3B: Esa Pasanen
|
|
Pinch Hitting: RHB Wu-shun Zhào
|
0-0: DOUBLE (Flyball, 8RD, EV 106.9 MPH)
|
Batting: RHB Maxmilian Dyba
|
0-0: Ball 1-0: Ground out 5-3 (Groundball, 5, EV 81.9 MPH)
|
Pinch Hitting: LHB Joel Conway
|
0-0: Foul Ball, location: 5F 0-1: Foul Ball, location: 5DF 0-2: Ball 1-2: Foul Ball, location: 2F 1-2: Ball 2-2: SINGLE (Groundball, 6MD, EV 98.8 MPH) Wu-shun Zhào to third
|
Pinch Hitting: RHB Robby Castillo
|
0-0: Foul Ball, location: 2LF 0-1: Swinging Strike 0-2: Ball 1-2: Grounds into double play, 3-6-1 (Groundball, 34, EV 83.8 MPH)
|
Bottom of the 9th over - 0 runs, 2 hits, 0 errors, 1 left on base; Virunga S A 12 - Istanbul S A 4 |
|